 Dungeon Crawl Stone Soup version 0.22-b1-21-g5cfc1688f2 (webtiles) character file.

65 Kirk the Chopper (level 3, -2/27 HPs)
             Began as a Demonspawn Gladiator on Aug 5, 2018.
             Slain by Sigmund
             ... wielding a +0 scythe
              (11 damage)
             ... on level 2 of the Dungeon.
             The game lasted 00:02:03 (1032 turns).

Kirk the Chopper (Demonspawn Gladiator)             Turns: 1032, Time: 00:02:04

Health: -2/27      AC:  6    Str: 13 (15) XL:     3   Next: 92%
Magic:  3/3        EV: 11    Int:  6 (9)  God:
Gold:   55         SH:  0    Dex: 12 (14) Spells: 2/2 levels left

rFire    + . .     SeeInvis .   a - +0 war axe
rCold    . . .     Gourm    .   (no shield)
rNeg     . . .     Faith    .   n - +0 ring mail
rPois    .         Spirit   .   c - +0 helmet
rElec    .         Reflect  .   (no cloak)
rCorr    .         Harm     .   (no gloves)
MR       .....                  (no boots)
Stlth    +.........             (no amulet)
HPRegen  0.09/turn              e - ring of protection from fire
MPRegen  0.08/turn              (no ring)

@: no status effects
A: claws 1, powered by death 1
a: no special abilities


You were on level 2 of the Dungeon.
You were hungry.

You visited 1 branch of the dungeon, and saw 2 of its levels.

You collected 55 gold pieces.

Inventory:

Hand Weapons
 a - a +0 war axe (weapon)
Missiles
 d - 3 throwing nets (quivered)
Armour
 c - a +0 helmet (worn)
 n - a +0 ring mail (worn)
Jewellery
 b - an uncursed ring of fire {unknown}
 e - a ring of protection from fire (left claw)
Scrolls
 g - a scroll of magic mapping {unknown}
 j - 3 scrolls of teleportation {unknown}
 k - a scroll of enchant armour {unknown}
 m - a scroll of remove curse {unknown}
 o - a scroll of blinking {unknown}
 p - a scroll of identify {unknown}
Potions
 i - a potion of magic {unknown}
 l - a potion of resistance {unknown}
Comestibles
 f - 8 rations


   Skills:
 - Level 2.0 Fighting
 + Level 4.2 Axes
 - Level 1.7 Throwing
 + Level 0.9 Armour
 - Level 2.6 Dodging


You had 2 spell levels left.
You didn't know any spells.
Your spell library was empty.

Dungeon Overview and Level Annotations

Branches:
Dungeon (2/15)

Altars:

Annotations:
D:2 Sigmund


Innate Abilities, Weirdness & Mutations

You have sharp fingernails.
You regenerate a little health from kills.


Message History

The magic dart hits you! Sigmund barely misses you.
You hit Sigmund but do no damage.
Sigmund is moderately wounded.
Sigmund hits you with a scythe!
You barely miss Sigmund.
Sigmund is moderately wounded.
You hit Sigmund but do no damage.
Sigmund is moderately wounded.
Sigmund points at you and mumbles some strange words.
The puff of flame hits you! You resist. Sigmund closely misses you.
You barely miss Sigmund.
Sigmund is moderately wounded.
You closely miss Sigmund.
Sigmund is moderately wounded.
Sigmund hits you with a scythe.
It was a potion of degeneration.
There was something very wrong with that liquid.
You feel weakened.
You feel dopey.
You feel clumsy. Sigmund hits you with a scythe!
You die...

...####### ...#
...# .#.# .#.#
.#.###############
##...............#
################.#
# #@# # #@# #.#
#.. ..# #.# ###
#.# #.# #.# #.#


You could see Sigmund.

Vanquished Creatures
  An adder (D:2)
  A worm (D:2)
  3 leopard geckos
  10 bats
  2 giant cockroaches (D:1)
  6 goblins (D:1)
  8 hobgoblins
  2 jackals (D:1)
  6 frilled lizards
  4 kobolds
  3 rats
46 creatures vanquished.

Notes
Turn   | Place    | Note
-------+----------+-------------------------------------------
     0 | D:1      | Kirk the Demonspawn Gladiator began the quest for the Orb.
     0 | D:1      | Reached XP level 1. HP: 16/16 MP: 1/1
    42 | D:1      | Reached skill level 3 in Axes
    82 | D:1      | Gained mutation: You regenerate a little health from kills. [demonic ancestry]
    82 | D:1      | Reached XP level 2. HP: 19/22 MP: 2/2
   281 | D:1      | Gained mutation: You have sharp fingernails. [demonic ancestry]
   281 | D:1      | Reached XP level 3. HP: 16/27 MP: 3/3
   637 | D:2      | Reached skill level 4 in Axes
  1022 | D:2      | Noticed Sigmund
  1032 | D:2      | Slain by Sigmund

Skill      XL: |  1  2  3 |
---------------+----------+-----
Axes           | 3 4 |  4.2
Fighting       | |  2.0
Throwing       | |  1.7
Armour         | |  0.9
Dodging        | |  2.6

Action                   || total
-------------------------++-------
Melee: War axe           ||   125
  Use: Potion            ||     1
 Stab: Sleeping          ||     3
Armor: Leather armour    ||    32
       Ring mail         ||    10
Dodge: Dodged            ||    98
